Map: Deathaura LE

Players

PartinG

  • Race: Protoss Protoss
  • League: Grandmaster
  • Spawn Location: 11:00

JinairRogue (Rogue) - Winner!

  • Race: Zerg Zerg
  • Spawn Location: 5:00

Event: ASUS ROG Online 2020

VOD

https://youtu.be/8jJ9xOcuGxM

Description

Time

  • Played on: Nov. 27, 2020, 9:22 a.m.
  • Length: 17:35

All games in this series

Show
View Real Time Build Order
Export as new Build Order

PartinG Protoss 

Build Orders: 1 Gate Expand, Oracle Opening, Archon Immortal 

Get SALT Encoding   

  12  0:00  Probe  
  13  0:13  Pylon  
  13  0:17  Probe (Chrono Boost)  
  14  0:28  Probe (Chrono Boost)  
  15  0:32  Probe (Chrono Boost)  
  16  0:40  Gateway  
  16  0:44  Probe  
  16  0:48  Assimilator  
  17  0:56  Probe  
  18  1:08  Probe  
  19  1:20  Probe  
  20  1:27  Nexus  
  20  1:35  Cybernetics Core  
  20  1:37  Probe  
  21  1:42  Assimilator  
  21  1:49  Probe  
  22  1:54  Pylon  
  22  2:02  Probe  
  23  2:09  Adept (Chrono Boost)  
  23  2:14  Probe (Chrono Boost)  
  26  2:21  Stargate  
  26  2:25  Probe (Chrono Boost)  
  26  2:29  Probe (Chrono Boost)  
  27  2:32  Adept  
  27  2:36  Warp Gate  
  30  2:41  Probe (Chrono Boost)  
  32  2:45  Probe (Chrono Boost)  
  33  2:51  Probe (Chrono Boost)  
  33  2:55  Probe (Chrono Boost)  
  33  2:56  Void Ray (Chrono Boost), Probe (Chrono Boost)  
  33  2:57  Pylon  
  35  3:04  Probe  
  40  3:10  Probe  
  41  3:16  Probe  
  42  3:22  Probe  
  42  3:26  Gateway  
  43  3:32  Oracle (Chrono Boost)  
  43  3:33  Probe  
  47  3:35  Probe  
  48  3:43  Pylon  
  48  3:47  Nexus  
  48  3:50  Probe x2  
  50  4:00  Twilight Council  
  50  4:03  Probe  
  50  4:04  Probe  
  52  4:10  Shield Battery  
  52  4:12  Gateway  
  52  4:15  Gateway  
  52  4:20  Pylon  
  52  4:24  Adept x2  
  52  4:27  Probe x2  
  52  4:30  Pylon  
  58  4:34  Assimilator, Resonating Glaives (Chrono Boost)  
  58  4:37  Assimilator  
  58  4:41  Assimilator  
  58  4:44  Assimilator  
  58  4:51  Adept x2  
  62  4:53  Probe x2  
  64  5:06  Probe x3  
  67  5:10  Adept x2  
  67  5:11  Adept x2  
  75  5:19  Probe x2  
  75  5:21  Probe  
  78  5:32  Adept x4  
  86  5:38  Probe x3  
  86  5:41  Robotics Facility x2  
  89  5:50  Probe x2  
  89  5:53  Adept  
  89  5:54  Pylon  
  89  5:55  Pylon  
  93  5:57  Forge  
  92  6:04  Probe  
  83  6:18  Probe x3  
  83  6:20  Adept  
  83  6:21  Adept x2  
  83  6:22  Sentry  
  93  6:28  Immortal x2 (Chrono Boost)  
  93  6:30  Probe x2  
  97  6:33  Charge  
  95  6:42  Probe x3  
  95  6:44  Protoss Ground Weapons Level 1 (Chrono Boost)  
  98  6:50  Sentry x2  
  98  6:52  Gateway  
  96  6:54  Gateway  
  96  6:58  Gateway x2  
  96  6:59  Probe x2  
  96  7:03  Immortal (Chrono Boost)  
  96  7:04  Warp Prism (Chrono Boost)  
  98  7:19  Probe x3  
  97  7:24  Templar Archives  
  97  7:25  Gateway  
  97  7:27  Zealot x3  
  97  7:28  Gateway  
  103  7:30  Pylon  
  103  7:31  Pylon  
  103  7:33  Pylon  
  103  7:34  Pylon  
  103  7:37  Immortal (Chrono Boost)  
  103  7:42  Observer (Chrono Boost)  
  108  7:49  Zealot x4  
  113  7:58  Probe x2  
  113  8:04  Probe  
  111  8:07  High Templar x2  
  111  8:08  High Templar x2  
  111  8:09  Zealot x4  
  111  8:11  Probe x2  
  129  8:13  Pylon x2  
  129  8:17  Archon  
  129  8:20  Archon  
  129  8:21  Zealot  
  129  8:23  Photon Cannon, Probe x2  
  129  8:25  Zealot  
  135  8:34  Zealot x4  
  143  8:42  High Templar x4  
  143  8:45  Zealot x2  
  143  8:46  Archon  
  143  8:47  Archon  
  155  8:49  Protoss Ground Weapons Level 2 (Chrono Boost)  
  149  9:03  Zealot x4  
  157  9:13  Zealot x2  
  157  9:16  Zealot x4  
  133  9:26  Zealot x3  
  133  9:31  Zealot  
  129  9:32  Nexus  
  129  9:33  Pylon  
  111  9:40  Psionic Storm  
  111  9:44  Zealot x5  
  113  9:49  Zealot x2  
  109  9:55  Void Ray (Chrono Boost)  
  109  9:56  High Templar x2  
  109  9:57  High Templar  
  99  10:15  Immortal (Chrono Boost)  
  99  10:18  Sentry  
  99  10:19  Sentry  
  107  10:25  Zealot x2  
  110  10:29  Immortal  
  110  10:31  Void Ray  
  110  10:32  Zealot x3  
  111  10:42  Zealot x2  
  115  10:56  High Templar  
  115  10:57  High Templar x4  
  121  10:58  Zealot x3  
  121  11:01  Archon x2  
  121  11:03  Probe (Chrono Boost)  
  134  11:07  Shield Battery  
  134  11:08  Photon Cannon  
  134  11:10  Probe x3 (Chrono Boost)  
  135  11:12  Probe (Chrono Boost)  
  135  11:13  Immortal, Observer  
  135  11:17  Probe (Chrono Boost)  
  142  11:25  Zealot x4  
  150  11:26  Zealot  
  150  11:29  Probe  
  150  11:32  Assimilator  
  153  11:34  Assimilator  
  153  11:40  High Templar x3  
  159  11:49  Photon Cannon  
  159  11:50  Photon Cannon  
  159  12:05  Zealot x7  
  173  12:09  Archon  
  165  12:18  Observer (Chrono Boost)  
  156  12:24  Zealot x3  
  156  12:28  Zealot x3  
  166  12:32  Immortal (Chrono Boost)  
  158  12:37  Fleet Beacon, Immortal (Chrono Boost)  
  158  12:41  Zealot  
  158  12:42  Zealot x6  
  166  12:50  High Templar x2  
  160  12:53  Photon Cannon  
  160  12:55  Photon Cannon  
  160  12:57  Cybernetics Core, Stargate  
  154  12:59  Stargate  
  154  13:09  High Templar x2, Protoss Air Weapons Level 1 (Chrono Boost)  
  154  13:18  Observer  
  154  13:19  Carrier (Chrono Boost)  
  153  13:22  Nexus  
  153  13:25  Pylon  
  159  13:28  Pylon  
  159  13:34  Pylon  
  159  13:35  Pylon, Probe x3  
  159  13:36  Probe  
  159  13:38  Pylon  
  159  13:40  Zealot x2  
  159  13:41  Zealot x3  
  171  13:47  Carrier (Chrono Boost)  
  166  14:10  Zealot  
  166  14:11  Zealot x7  
  166  14:16  Carrier (Chrono Boost)  
  171  14:28  Zealot x2  
  172  14:35  Zealot x5  
  178  14:51  Zealot x2  
  178  14:52  Zealot x3  
  130  15:11  Zealot x5  
  130  15:12  Zealot x2  
  120  15:18  Observer  
  114  15:30  Nexus  
  114  15:37  High Templar x3  
  114  15:39  Pylon  
  120  15:47  High Templar x4  
  120  15:49  High Templar  
  130  15:51  Observer  
  128  16:01  Carrier (Chrono Boost)  
  134  16:15  High Templar x3  
  140  16:21  High Templar x3  
  146  16:26  Pylon  
  134  16:41  Observer  
  134  16:42  Zealot x4  
  94  17:16  Archon  
  94  17:18  Archon  
  94  17:21  High Templar x7  
  94  17:22  High Templar  
  108  17:25  Archon x3  
  108  17:26  Archon  
Show
View Real Time Build Order
Export as new Build Order

JinairRogue Zerg - Winner!

Build Orders: Hatch First, Lurkers 

Get SALT Encoding   

  12  0:00  Drone  
  13  0:12  Overlord  
  13  0:16  Drone  
  14  0:30  Drone x2  
  16  0:47  Hatchery  
  15  0:51  Drone  
  15  0:55  Drone  
  17  0:58  Drone  
  18  1:09  Extractor  
  17  1:15  Spawning Pool  
  16  1:18  Drone  
  16  1:22  Drone  
  18  1:31  Drone  
  19  1:42  Drone  
  20  1:51  Overlord  
  20  2:02  Queen x2  
  20  2:04  Zergling x2  
  20  2:06  Zergling x2  
  26  2:11  Drone  
  26  2:13  Drone  
  28  2:18  Metabolic Boost  
  28  2:21  Drone  
  29  2:24  Drone  
  30  2:34  Drone x2  
  32  2:44  Hatchery  
  32  2:49  Drone  
  32  2:53  Queen  
  32  2:57  Overlord  
  34  3:01  Drone  
  34  3:02  Drone  
  36  3:16  Drone x6  
  42  3:23  Overlord  
  42  3:31  Queen  
  42  3:33  Overlord  
  44  3:35  Overlord  
  44  3:40  Spore Crawler  
  43  3:41  Spore Crawler  
  43  3:43  Drone x2  
  44  3:52  Drone x4  
  48  3:56  Queen  
  48  3:59  Drone x2  
  52  4:04  Drone x4  
  56  4:11  Roach Warren  
  56  4:15  Drone  
  56  4:16  Spore Crawler, Drone x3  
  58  4:21  Overlord  
  58  4:25  Drone x3  
  58  4:27  Overlord  
  60  4:33  Lair  
  60  4:36  Drone x2  
  60  4:37  Drone  
  61  4:43  Drone  
  61  4:44  Extractor x3, Drone x3  
  62  4:49  Zergling x8  
  66  4:53  Drone x3  
  69  5:00  Drone x2  
  69  5:01  Overlord, Evolution Chamber  
  69  5:06  Drone x2  
  69  5:07  Drone  
  73  5:10  Extractor  
  73  5:11  Drone x2  
  73  5:13  Extractor, Drone x2  
  75  5:16  Drone  
  76  5:23  Drone x3  
  79  5:31  Spore Crawler  
  79  5:32  Overseer  
  79  5:33  Pneumatized Carapace  
  79  5:34  Hydralisk Den  
  77  5:37  Zerg Missile Weapons Level 1, Drone x2  
  77  5:38  Drone x2  
  81  5:43  Zergling x2  
  81  5:44  Zergling x4  
  81  5:45  Roach x2  
  81  5:46  Roach  
  81  5:48  Overlord  
  88  5:50  Overlord  
  88  5:53  Overlord  
  88  5:56  Overlord  
  89  5:57  Glial Reconstitution  
  89  6:03  Overlord  
  87  6:05  Evolution Chamber  
  87  6:07  Roach x6  
  87  6:11  Roach x2  
  97  6:14  Queen x2  
  97  6:15  Roach  
  97  6:17  Roach, Evolution Chamber  
  100  6:19  Roach  
  100  6:22  Roach x2  
  100  6:25  Roach  
  105  6:27  Roach  
  105  6:28  Roach x3  
  105  6:31  Evolution Chamber  
  108  6:34  Drone x2  
  108  6:39  Drone  
  112  6:40  Drone x3  
  112  6:44  Drone x2  
  116  6:51  Grooved Spines  
  116  6:52  Drone  
  112  7:00  Drone x2  
  112  7:01  Drone  
  112  7:06  Infestation Pit  
  106  7:09  Drone x2  
  106  7:15  Drone x2  
  103  7:17  Drone  
  104  7:24  Drone x3  
  104  7:25  Drone  
  108  7:30  Drone x3  
  108  7:35  Hatchery, Drone x4  
  114  7:42  Roach x3  
  120  7:49  Roach x2  
  122  7:58  Roach  
  122  7:59  Overlord x2, Roach x4  
  122  8:00  Overlord  
  122  8:04  Hive  
  122  8:09  Roach x2  
  122  8:10  Roach x2  
  122  8:12  Overlord  
  130  8:14  Zerg Missile Weapons Level 2  
  130  8:17  Lurker Den  
  130  8:19  Ravager x2  
  136  8:20  Ravager x6  
  136  8:21  Ravager  
  136  8:23  Roach x3  
  136  8:24  Roach  
  146  8:28  Roach x2  
  146  8:32  Overseer  
  150  8:35  Roach  
  150  8:36  Zergling x4, Roach x2  
  150  8:37  Zergling x2  
  150  8:38  Zergling x2  
  160  8:42  Roach  
  160  8:44  Overlord  
  160  8:47  Queen  
  160  8:48  Zergling x6  
  167  8:50  Overlord  
  167  8:54  Drone x2  
  167  8:55  Drone  
  168  8:59  Overlord  
  168  9:00  Overlord  
  168  9:05  Roach x4  
  176  9:10  Zergling x4  
  176  9:15  Roach x4  
  168  9:20  Roach  
  168  9:21  Roach  
  147  9:28  Roach x5  
  147  9:29  Roach  
  144  9:34  Roach  
  144  9:35  Roach x2  
  144  9:36  Roach  
  144  9:37  Roach  
  139  9:39  Roach  
  139  9:41  Roach  
  139  9:43  Zergling x4  
  139  9:51  Zergling x2  
  139  9:52  Zergling x2  
  122  9:53  Zergling x2  
  122  9:58  Drone  
  114  10:00  Queen x2  
  114  10:06  Drone x5  
  120  10:15  Extractor x2  
  120  10:18  Zergling x2  
  120  10:21  Zergling x4  
  121  10:23  Zergling x6  
  121  10:24  Zergling x6  
  121  10:27  Roach Warren  
  123  10:31  Drone x2  
  123  10:34  Drone  
  118  10:40  Seismic Spines, Hydralisk x2  
  115  10:44  Hydralisk  
  115  10:45  Hydralisk  
  115  10:46  Hydralisk  
  116  10:51  Hydralisk  
  116  10:55  Drone  
  116  10:56  Drone  
  120  10:59  Drone  
  120  11:03  Hydralisk  
  120  11:04  Hydralisk  
  121  11:09  Hydralisk x2  
  129  11:18  Lurker x6  
  133  11:19  Hydralisk x2  
  133  11:20  Drone  
  133  11:25  Drone  
  141  11:31  Drone  
  141  11:32  Drone x7  
  149  11:34  Lurker x2  
  149  11:37  Adaptive Talons  
  151  11:42  Zerg Missile Weapons Level 3  
  151  11:45  Lurker x2  
  151  11:46  Hydralisk  
  155  11:48  Drone x2  
  157  11:55  Hydralisk x3  
  163  12:03  Hydralisk  
  163  12:07  Zergling x10  
  163  12:08  Zergling x6  
  173  12:14  Hydralisk  
  173  12:15  Hydralisk  
  162  12:17  Lurker  
  162  12:18  Lurker  
  162  12:20  Hydralisk  
  162  12:22  Zergling x2  
  165  12:26  Hydralisk x2  
  165  12:28  Overseer  
  165  12:30  Drone x2  
  165  12:33  Hydralisk  
  165  12:34  Lurker  
  165  12:37  Zergling x2  
  167  12:39  Hydralisk  
  167  12:43  Hydralisk x2  
  166  12:47  Hydralisk  
  166  12:50  Hydralisk  
  166  12:51  Hydralisk  
  168  12:54  Hydralisk  
  168  12:57  Queen x2  
  176  13:07  Overlord x3  
  176  13:12  Overlord  
  175  13:18  Lurker  
  175  13:19  Overlord x2  
  176  13:27  Lurker  
  176  13:28  Hydralisk x2, Lurker x7  
  176  13:30  Spore Crawler  
  187  13:34  Hydralisk x2  
  187  13:39  Hydralisk x2  
  187  13:41  Zergling x8  
  199  13:54  Zergling x2  
  200  13:57  Muscular Augments  
  197  14:03  Zergling x4  
  197  14:07  Hydralisk x2  
  198  14:10  Hatchery  
  198  14:12  Zergling x4  
  198  14:14  Zergling x2  
  199  14:21  Zergling x2  
  194  14:30  Lurker x7  
  199  14:40  Overseer x3  
  199  14:43  Zerg Ground Armor Level 1  
  199  14:45  Zergling x2  
  199  14:48  Hydralisk  
  199  14:51  Hydralisk  
  199  14:58  Hydralisk x3  
  199  14:59  Zergling x2  
  194  15:00  Zergling x4  
  194  15:02  Hydralisk  
  194  15:03  Zergling x4  
  194  15:06  Hydralisk  
  170  15:09  Hydralisk  
  170  15:11  Overseer  
  170  15:13  Hatchery  
  166  15:21  Hydralisk x4  
  146  15:27  Hydralisk x2  
  156  15:31  Hydralisk  
  158  15:36  Hydralisk x2  
  158  15:42  Hydralisk  
  164  15:47  Hydralisk x2  
  167  15:51  Hydralisk  
  167  15:52  Extractor x2  
  167  15:56  Hydralisk x2  
  167  15:59  Hydralisk  
  167  16:00  Zergling x2  
  167  16:01  Zergling x10  
  179  16:10  Hydralisk x2  
  179  16:11  Hydralisk  
  183  16:15  Hydralisk x2  
  189  16:20  Hydralisk  
  189  16:21  Hydralisk  
  189  16:24  Hydralisk  
  195  16:27  Hydralisk  
  195  16:31  Hydralisk x2  
  193  16:33  Zergling x2  
  193  16:38  Hydralisk x2  
  191  16:41  Hydralisk  
  187  16:48  Hydralisk  
  187  16:49  Hydralisk  
  187  16:51  Zergling x4  
  183  17:00  Hydralisk x4  
  189  17:01  Hydralisk  
  189  17:03  Hydralisk  
  186  17:09  Hydralisk  
Tags
 
Add a new tag
Caveats
  • Supply blocks, unpowered buildings, or Contaminate may cause inaccurate times.
  • Supply counts are checked every 10 seconds.